 Dungeon Crawl Stone Soup version 0.18.1-47-g9310371 (webtiles) character file.

110 dvd the Sneak (level 4, -1/31 HPs)
             Began as a Vampire Enchanter on June 22, 2016.
             Slain by a gnoll
             ... wielding a +0 halberd
              (12 damage)
             ... on level 3 of the Dungeon.
             The game lasted 00:07:04 (1960 turns).

dvd the Sneak (Vampire Enchanter)                   Turns: 1960, Time: 00:07:06

Health: -1/31      AC:  3    Str:  7    XL:     4   Next: 61%
Magic:  0/7        EV:  7    Int: 18    God:
Gold:   89         SH:  0    Dex: 14    Spells: 3 memorised, 1 level left

rFire  . . .     SeeInvis +     a - +1 dagger
rCold  + . .     Gourm    .     b - +1 robe
rNeg   + + .     Faith    .     (no shield)
rPois  +         Spirit   +     (no helmet)
rElec  .         Dismiss  .     (no cloak)
rCorr  .         Reflect  .     (no gloves)
SustAt .         Harm     .     (no boots)
MR     .....                    n - amulet of guardian spirit
Stlth  ++++......               (no ring)
                                (no ring)

@: held, regenerating slowly, not resistant to hostile enchantments, stealthy
A: fangs 3, see invisible, unbreathing
a: Bat Form


You were on level 3 of the Dungeon.
You were very thirsty.

You visited 1 branch of the dungeon, and saw 3 of its levels.

You collected 89 gold pieces.

Inventory:

Hand Weapons
 a - a +1 dagger (weapon)
 l - a +1 hand axe of electrocution
Armour
 b - a +1 robe (worn)
Jewellery
 n - an amulet of guardian spirit (around neck)
Wands
 m - a wand of acid (8/15)
Scrolls
 f - a scroll of random uselessness {unknown}
 g - 3 scrolls of identify {unknown}
 h - a scroll of enchant armour {unknown}
 j - a scroll of remove curse {unknown}
 k - a scroll of magic mapping {unknown}
Potions
 d - 7 potions of blood
 e - 2 potions of heal wounds {unknown}
 i - a potion of curing {unknown}
Books
 c - a book of Maledictions

   Spells                             Type                      Level
   a - Corona                         Hexes                        1
   b - Ensorcelled Hibernation        Hexes/Ice                    2
   c - Confuse                        Hexes                        3
   d - Tukima's Dance                 Hexes                        3
   e - Dazzling Spray                 Conjuration/Hexes            3


   Skills:
 + Level 0.6 Fighting
 + Level 1.3 Short Blades
 + Level 2.9 Dodging
 + Level 6.0 Stealth
 + Level 2.3 Spellcasting
 + Level 5.5 Hexes
 + Level 0.6 Ice Magic


You had one spell level left.
You knew the following spells:

 Your Spells              Type           Power        Failure   Level  Hunger
a - Corona                Hex            ###....      1%          1    #......
b - Ensorcelled Hibernat  Hex/Ice        ##....       10%         2    ##.....
c - Confuse               Hex            ###.....     6%          3    ###....


Dungeon Overview and Level Annotations

Branches:
Dungeon (3/15)

Altars:


Innate Abilities, Weirdness & Mutations

You heal slowly.
You have razor-sharp teeth.
You have supernaturally acute eyesight.
You can survive without breathing.


Message History

Confirm with . or Enter, or press ? or * to list all spells.
Aiming: Confuse
Press: ? - help, Shift-Dir - straight line, f - gnoll
Aim: a gnoll, wielding a spear (chance to defeat MR: 60%)
The gnoll appears confused.
The gnoll throws a throwing net.
The throwing net hits you.
You become entangled in the net!
Unknown command.
Casting: Confuse
Confirm with . or Enter, or press ? or * to list all spells.
You don't have enough magic to cast that spell.
Unknown command.
You can't do that while held in a net.
Unknown command.
You try to slip out of the net.
The gnoll barely misses you. The gnoll completely misses you.
The gnoll hits you!
You try to slip out of the net.
The gnoll hits you but does no damage. The gnoll hits you! The gnoll hits you.
You struggle to escape the net.
The gnoll barely misses you. x2
The gnoll hits you from afar with a halberd!
You die...

############
#..........#
#.....!.g..#
#...>......#
#..........#
#.....<..g.#
#......gg..#
#..?...@..$#
#..%....?..#
#..?.......#
#...?......#
#######..###
#... ##.# .#


You could see 4 gnolls.

Vanquished Creatures
  A worker ant (D:3)
  3 adders (D:2)
  A worm (D:2)
  2 dart slugs
  2 giant geckos (D:2)
  3 giant cockroaches
  3 goblins
  7 hobgoblins
  5 jackals
  4 kobolds
  8 bats
  3 giant newts
  4 rats
46 creatures vanquished.

Notes
Turn   | Place    | Note
--------------------------------------------------------------
     0 | D:1      | dvd the Vampire Enchanter began the quest for the Orb.
     0 | D:1      | Reached XP level 1. HP: 13/13 MP: 3/3
    94 | D:1      | Reached XP level 2. HP: 11/19 MP: 0/5
   121 | D:1      | Learned a level 2 spell: Ensorcelled Hibernation
   126 | D:1      | Reached skill level 5 in Hexes
   965 | D:2      | Reached XP level 3. HP: 21/25 MP: 1/6
   973 | D:2      | Reached skill level 5 in Stealth
  1186 | D:2      | Learned a level 3 spell: Confuse
  1611 | D:2      | Reached XP level 4. HP: 29/31 MP: 1/7
  1955 | D:3      | Reached skill level 6 in Stealth
  1960 | D:3      | Slain by a gnoll

Skill      XL: |  1  2  3  4 |
---------------+-------------+-----
Hexes          | 5 |  5.5
Stealth        | 5 6 |  6.0
Fighting       | |  0.6
Short Blades   | |  1.3
Dodging        | |  2.9
Spellcasting   | |  2.3
Ice Magic      | |  0.6

Action                   |  1- 3 |  4- 6 || total
-------------------------+-------+-------++-------
Melee: Dagger            |    89 |    21 ||   110
       Bite              |     7 |     1 ||     8
 Cast: Corona            |     7 |     1 ||     8
       Ensorcelled Hiber |    16 |     4 ||    20
       Confuse           |       |     1 ||     1
  Use: Potion            |     2 |       ||     2
 Stab: Sleeping          |    23 |     7 ||    30
Armor: Robe              |    17 |     5 ||    22
Dodge: Dodged            |    62 |    20 ||    82
